Description

This is a two base timing attack build INnoVation used against Zest recently. The goal is to catch Protoss off guard when they just took a third Nexus.

VOD

https://youtu.be/3SNUI2UAWQc?t=1044

Replay - Kairos Junction LE (5)

Build Order

Get SALT Encoding   

  12  0:00  SCV  
  13  0:13  SCV  
  14  0:17  Supply Depot  
  14  0:25  SCV  
  15  0:30  Refinery  
  15  0:39  SCV  
  16  0:46  Barracks  
  16  0:51  SCV  
  17  1:03  SCV  
  18  1:15  SCV  
  19  1:32  Orbital Command  
  19  1:33  Reaper  
  20  1:47  Command Center  
  20  1:58  SCV  
  21  2:04  Factory  
  21  2:07  Barracks Reactor  
  21  2:10  SCV  
  22  2:18  Supply Depot  
  22  2:23  SCV  
  22  2:25  Refinery  
  23  2:43  Marine x2  
  26  2:49  Starport  
  26  2:52  Factory Tech Lab  
  27  2:59  Orbital Command  
  27  3:03  Marine x2  
  30  3:15  Siege Tank  
  34  3:24  Marine x2  
  34  3:26  Supply Depot  
  35  3:27  Starport Tech Lab  
  38  3:39  Refinery  
  38  3:42  Marine x2  
  42  3:51  Banshee  
  47  4:03  Supply Depot  
  47  4:04  Siege Tank  
  47  4:06  Marine x2  
  54  4:26  Supply Depot  
  58  4:34  Banshee  
  62  4:47  Siege Tank  
  77  5:26  Command Center  
Spawning Tool Build Advisor. Get it on Overwolf

Analysis

Many Terran players consider TvP their worst match up. While many have pointed out different reasons for this sentiment, players seem to have problems hitting their familiar mid game timing with Stim and Medivac. The old school mid game goal is always to move out with with Stim and Medivac. In Legacy of the Void, Terran usually hit a timing at the third. This is well countered by the mass Gateway units mid game style, which has become even more popular after Protoss players witnessed its success in the Global Finals 2018. The common follow up to this Gateway heavy mid game is High Templar and Storm.

Adapting to this, pro players tend to shift their timing earlier or later. This build is an example of shifting the timing attack to an earlier timing.

Creative Commons License

Go to:

Details

Become a Patron
  • Created by: Maxilicious  
  • Published on: Jan 10, 2019
  • Patch: 4.7.1
Show
View Real Time Build Order
Export as new Build Order

Comments (0)

There are no comments. Be the first!

Create an account to comment!